 Dungeon Crawl Stone Soup version 0.29.1-2-gbd0b4ee654 (webtiles) character file.

Game seed: 7881950368427289322

4102 funnyparkerb the Slicer (level 10, -3/53 HPs)
             Began as a Vine Stalker Brigand on Nov 9, 2022.
             Was a Follower of Uskayaw.
             Slain by a troll (6 damage)
             ... on level 8 of the Dungeon.
             The game lasted 00:23:20 (8487 turns).

funnyparkerb the Slicer (Vine Stalker Brigand)      Turns: 8487, Time: 00:23:20

Health: -3/53      AC:  7    Str: 19    XL:     10   Next: 26%
Magic:  0/13       EV: 18    Int: 15    God:    Uskayaw [*.....]
Gold:   58         SH:  0    Dex: 29    Spells: 6/9 levels left

rFire   . . .      SeeInvis .   a - +2 dagger
rCold   . . .      Faith    .   (no shield)
rNeg    . . .      Spirit   +   C - +4 robe of Augmentation {Str+4 Int+4 Dex+4}
rPois   .          Reflect  .   (no helmet)
rElec   .          Harm     .   c - +0 cloak
rCorr   .          Rampage  .   (no gloves)
Will    +....                   (no boots)
Stlth   ++++......              w - amulet of regeneration
HPRegen 1.77/turn               F - +6 ring of dexterity
MPRegen 0.13/turn               (no ring)

@: about to teleport
A: fangs 3, regeneration 1, magic shield, antimagic bite, no potion heal 2
a: Renounce Religion, Stomp


You were on level 8 of the Dungeon.
You worshipped Uskayaw.
Uskayaw was noncommittal.
You visited 2 branches of the dungeon, and saw 10 of its levels.

You collected 454 gold pieces.
You spent 396 gold pieces at shops.

Inventory:

Hand Weapons
 a - a +2 dagger (weapon)
 G - a +3 short sword
Missiles
 b - 6 silver boomerangs
 l - 4 javelins
 y - 8 boomerangs
 z - 2 curare-tipped darts
 A - 8 poisoned darts (quivered)
 B - a throwing net
 D - a boomerang of dispersal
Armour
 c - a +0 cloak (worn)
 C - the +4 robe of Augmentation (worn) {Str+4 Int+4 Dex+4}
   (You found it on level 6 of the Dungeon)

   Str:       It affects your strength (+4).
   Int:       It affects your intelligence (+4).
   Dex:       It affects your dexterity (+4).
 E - a +4 chain mail of cold resistance
Jewellery
 w - an amulet of regeneration (around neck)
 F - a +6 ring of dexterity (left hand)
Wands
 d - a wand of paralysis (1)
Scrolls
 g - a scroll of immolation {unknown}
 j - a scroll of summoning {unknown}
 k - a scroll of magic mapping
 n - a scroll of poison
 p - 2 scrolls of teleportation
 q - 3 scrolls of amnesia
 s - a scroll of silence {unknown}
 t - 2 scrolls of identify {unknown}
Potions
 e - 3 potions of degeneration {unknown}
 f - a potion of attraction {unknown}
 h - 2 potions of cancellation
 i - a potion of magic {unknown}
 m - a potion of resistance {unknown}
 o - a potion of curing
 r - a potion of brilliance {unknown}
 u - a potion of heal wounds {unknown}
 v - a potion of might {unknown}
 x - 2 potions of lignification {unknown}


   Skills:
 * Level 6.8 Fighting
 * Level 8.2 Short Blades
 - Level 1.7 Throwing
 * Level 6.5 Dodging
 + Level 6.6 Stealth
 - Level 0.4 Hexes
 * Level 3.1 Invocations


You had 6 spell levels left.
You knew the following spells:

 Your Spells              Type           Power      Damage    Failure   Level
a - Ensorcelled Hibernat  Hex/Ice        0%         N/A       36%         2
b - Slow                  Hex            4%         N/A       22%         1

Your spell library contained the following spells:

 Spells                   Type           Power      Damage    Failure   Level
 Sting                    Tmut/Pois      0%         1d3       26%         1
 Summon Small Mammal      Summ           0%         N/A       26%         1
 Passwall                 Tmut/Erth      0%         N/A       38%         2
 Tukima's Dance           Hex            1%         N/A       56%         3
 Portal Projectile        Hex/Tloc       0%         N/A       58%         3
 Swiftness                Air            0%         N/A       63%         3
 Anguish                  Hex/Necr       0%         N/A       94%         4
 Animate Armour           Summ/Erth      0%         N/A       95%         4
 Blade Hands              Tmut           0%         N/A       100%        5
 Iron Shot                Conj/Erth      0%         9d1       100%        6
 Enfeeble                 Hex            0%         N/A       100%        7


Dungeon Overview and Level Annotations

Branches:
Dungeon (9/15)             Temple (1/1) D:6            Lair (0/5) D:8
    Orc: D:9-12

Altars:
Ashenzari
Cheibriados
Dithmenos
Elyvilon
Fedhas
Kikubaaqudgha
Makhleb
Nemelex Xobeh
Okawaru
Qazlal
Sif Muna
Trog
Uskayaw
Vehumet
Wu Jian
Xom
Zin
The Shining One

Shops:
D:5 =


Innate Abilities, Weirdness & Mutations

You have razor-sharp teeth.
Your natural rate of healing is unusually fast.
When hurt, damage is shared between your health and your magic reserves.
Your bite disrupts and absorbs the magic of your enemies.
Potions cannot restore your health.


Message History

You can now pass through a line of other dancers.
You puncture the yak! You bite the yak. You drain its power.
The yak is almost dead.
The yak closely misses you.
You hit the yak but do no damage. You bite the yak!
You kill the yak!
You climb downwards.
The orc warrior hits you with a +0 long sword!!
There is a stone staircase leading up, spattered with blood here.
Something closely misses you.
The orc warrior hits you with a +0 long sword.
The troll bites you! The troll barely misses you. x2
You climb upwards.
There is a stone staircase leading down here.
Aiming: Line Pass
Press: ? - help, Dir - move target The troll appears confused.
You can no longer pass through a line of other dancers.
The troll gestures wildly.
You hit the troll. Your bite misses the troll.
The troll is lightly wounded.
The troll misses you. The troll claws you! The troll closely misses you.
You barely miss the troll.
The troll is lightly wounded.
The troll seems less confused.
The troll bites you!
* * * LOW HITPOINT WARNING * * *
The troll claws you.
* * * LOW HITPOINT WARNING * * *
The troll claws you.
* * * LOW HITPOINT WARNING * * *
Okay, then.
As you read the scroll labelled ONKEOR SIZU JOLEM, it crumbles to dust.
You feel aware of your surroundings.
It was a scroll of magic mapping.
The troll closely misses you. The troll claws you.
* * * LOW HITPOINT WARNING * * *
The troll claws you but does no damage.
As you read the scroll of teleportation, it crumbles to dust.
You feel strangely unstable. The troll bites you but does no damage.
The troll barely misses you. The troll claws you!
You die...

#############
#...........######
##########.####.....(......
#......<.#o# #.##########.
#.######.#T# #.# ####. #.#
#.#@####.#######.... #.#
#...)............##.
###.###
###.####..###.......
#.....# #.# #..# ###..##.
####.#.#.# #.# #..# #..##)
#......#.# #.####..# #..##.
#.##.###.#
#...##.)#####[....
#.##.....#
###.##.....<).....
#.######## #.###.######.###


You could see a troll and an orc warrior.

Vanquished Creatures
  A wyvern (D:8)
  A yak (D:8)
  A steam dragon (D:8)
  Edmund (D:6)
  3 wargs
  An acid dragon (D:8)
  An ice beast (D:6)
  2 water moccasins (D:6)
  An orc warrior (D:6)
  A sky beast (D:6)
  A black bear (D:6)
  A centaur (D:8)
  2 ogres
  A kobold brigand (D:7)
  A necrophage (D:5)
  2 bullfrogs (D:8)
  3 scorpions
  12 wights
  9 killer bees
  A howler monkey (D:5)
  A jelly (D:7)
  Crazy Yiuf (D:2)
  2 hounds
  6 orc priests
  2 iguanas
  7 orc wizards
  9 adders
  2 shadow imps (D:6)
  2 white imps
  An ufetubus (D:6)
  4 worms
  3 dart slugs
  28 orcs
  A ball python (D:1)
  6 bats
  5 endoplasms
  2 giant cockroaches (D:3)
  8 goblins
  8 hobgoblins
  6 jackals
  6 quokkas
  2 frilled lizards
  16 kobolds
  6 rats
180 creatures vanquished.

Vanquished Creatures (others)
  An orc wizard (D:8)
  A white imp (D:8)
  An orc (D:3)
  A plant (D:8)
4 creatures vanquished.

Grand Total: 184 creatures vanquished

Notes
Turn   | Place    | Note
-------+----------+-------------------------------------------
     0 | D:1      | funnyparkerb the Vine Stalker Brigand began the quest for
                  | the Orb.
     0 | D:1      | Reached XP level 1. HP: 11/11 MP: 2/2
   166 | D:1      | Reached skill level 1 in Dodging
   209 | D:1      | Reached XP level 2. HP: 4/15 MP: 1/3
   536 | D:1      | Reached skill level 2 in Short Blades
   855 | D:1      | Reached XP level 3. HP: 14/19 MP: 4/4
  1941 | D:2      | Gained mutation: Your natural rate of healing is unusually
                  | fast. [Vine Stalker growth]
  1941 | D:2      | Reached XP level 4. HP: 12/23 MP: 5/5
  2519 | D:2      | Found a runed translucent door.
  2520 | D:2      | Noticed Crazy Yiuf
  2542 | D:2      | Killed Crazy Yiuf
  2661 | D:3      | Reached XP level 5. HP: 28/28 MP: 6/6
  3098 | D:3      | Reached XP level 6. HP: 28/33 MP: 7/7
  3219 | D:3      | Found a faded altar of an unknown god.
  3725 | D:4      | Noticed a moth of wrath
  3728 | D:4      | Found a bloodstained altar of Trog.
  3876 | D:4      | Reached skill level 3 in Short Blades
  3920 | D:4      | Found a stormy altar of Qazlal.
  3943 | D:4      | Got First Steps in Sorcery
  4160 | D:4      | Found a shadowy altar of Dithmenos.
  4195 | D:5      | Entered Level 5 of the Dungeon
  4262 | D:5      | Reached XP level 7. HP: 33/38 MP: 8/8
  4286 | D:5      | Found Geluriro's Jewellery Shop.
  4331 | D:5      | Found a glowing golden altar of the Shining One.
  4417 | D:5      | Found a sparkling altar of Nemelex Xobeh.
  4577 | D:5      | Reached skill level 5 in Fighting
  4907 | D:5      | Identified the +5 hand axe of Bile {venom, *Noise +Blink
                  | rElec rF+++}
  4959 | D:5      | Found an ancient bone altar of Kikubaaqudgha.
  5296 | D:6      | Reached skill level 4 in Short Blades
  5296 | D:6      | Gained mutation: You have razor-sharp teeth. [Vine Stalker
                  | growth]
  5296 | D:6      | Reached XP level 8. HP: 43/43 MP: 9/9
  5373 | D:6      | Found a staircase to the Ecumenical Temple.
  5404 | D:6      | Reached skill level 5 in Dodging
  5443 | Temple   | Entered the Ecumenical Temple
  5600 | D:6      | Reached skill level 5 in Short Blades
  5646 | D:6      | Found a glowing silver altar of Zin.
  5646 | D:6      | Found a white marble altar of Elyvilon.
  5646 | D:6      | Found an ornate altar of the Wu Jian Council.
  5768 | D:6      | Noticed Edmund
  5782 | D:6      | Killed Edmund
  5783 | D:6      | Reached skill level 6 in Short Blades
  5811 | D:6      | Found the +4 robe of Augmentation {Str+4 Int+4 Dex+4}
  5994 | D:6      | Reached skill level 5 in Stealth
  6021 | D:6      | Reached skill level 7 in Short Blades
  6021 | D:6      | Reached XP level 9. HP: 47/47 MP: 10/10
  6088 | D:6      | Found a snail-covered altar of Cheibriados.
  6239 | D:8      | Found a staircase to the Lair.
  6357 | D:7      | Learned a level 2 spell: Ensorcelled Hibernation
  6359 | D:7      | Learned a level 1 spell: Slow
  6862 | D:5      | Bought a +6 ring of dexterity for 396 gold pieces
  6943 | D:7      | Found a hide-covered altar of Uskayaw.
  6952 | D:7      | Became a worshipper of Uskayaw the Reveller
  6958 | D:7      | Reached * piety under Uskayaw
  7072 | D:8      | Reached ** piety under Uskayaw
  7187 | D:8      | Reached *** piety under Uskayaw
  7271 | D:7      | Reached skill level 1 in Invocations
  7670 | D:8      | Reached **** piety under Uskayaw
  7673 | D:8      | Reached XP level 10. HP: 53/53 MP: 12/12
  7722 | D:8      | Reached skill level 8 in Short Blades
  7847 | D:8      | Found a burning altar of Makhleb.
  7849 | D:8      | Noticed a blizzard demon
  8485 | D:8      | HP: 1/53 [troll (2)]
  8487 | D:8      | Slain by a troll

Illustrated notes

Levels and vault maps discovered:
D:1:      co_arrival_random_square_maze, layout_basic
D:2:      layout_basic, uniq_crazy_yiuf_cottage
D:3:      layout_basic, shapermc_ecumenical_altar_mp_highgroup, st_stairs_2,
          hangedman_decor_growths, grunt_ministairs_10
D:4:      minmay_octagon_keep, layout_rooms, nicolae_qazlal_general_emergency,
          tgw_trog, mainiacjoe_overflow_cross_hatched
D:5:      layout_loops_ring, nemelex_dance_club_becter,
          nicolae_kikubaaqudgha_miasma_corner, mainiacjoe_overflow_alcove_4,
          serial_shops, nicolae_shop_competitors_out_of_business,
          hellmonk_bongcloud_opening
D:6:      layout_basic, gammafunk_temple_overflow_claw,
          mainiacjoe_overflow_alcove_1, minmay_temple_entry_trees, uniq_edmund
D:7:      layout_rooms, lemuel_crystal_altar
D:8:      layout_loops_ring, makhleb_altar_promises_db,
          erik_lair_orcish_takeover, nicolae_underground_beach
D:9:      layout_rooms, general_overflow_altar, serial_rivers,
          chequers_serial_rivers_micro_d, chequers_serial_rivers_micro_e,
          chequers_serial_rivers_small_a, chequers_serial_rivers_marsh,
          chequers_serial_rivers_marsh, lightli_fourway_metalbox
Temple:   nicolae_temple_two_arcs

Skill      XL: |  1  2  3  4  5  6  7  8  9 10 |
---------------+-------------------------------+-----
Dodging        | 1 2 3 4 5 6 |  6.5
Fighting       | 2 3 4 5 6 |  6.8
Short Blades   | 2 3 4 7 8 |  8.2
Stealth        | 5 6 |  6.6
Invocations    | 2 3 |  3.1
Throwing       | |  1.7
Hexes          | |  0.4

Action                   |  1- 3 |  4- 6 |  7- 9 | 10-12 || total
-------------------------+-------+-------+-------+-------++-------
Melee: Dagger            |    89 |   176 |   364 |    82 ||   711
       Bite              |    20 |    62 |   133 |    33 ||   248
       Punch             |     2 |     4 |     6 |     2 ||    14
Throw: Dart              |    30 |    31 |    25 |       ||    86
       Javelin           |       |       |     2 |       ||     2
       Boomerang         |       |       |     6 |       ||     6
Invok: Line Pass         |       |       |     4 |     5 ||     9
Evoke: Wand              |       |     3 |    12 |       ||    15
  Use: Scroll            |       |       |     5 |     2 ||     7
       Potion            |       |       |     3 |       ||     3
 Stab: Sleeping          |     8 |     4 |     8 |     3 ||    23
       Paralysed         |       |       |     4 |     2 ||     6
       Distracted        |       |       |     2 |     1 ||     3
       Confused          |       |       |     1 |     2 ||     3
Armor: Robe              |     5 |       |    38 |    11 ||    54
       Leather armour    |    11 |    33 |    24 |       ||    68
Dodge: Dodged            |    49 |   101 |   185 |    55 ||   390
